FCL
FCL MEXICO CITY PADRES @ FCL CAROLINA CATAMOUNTS
06/11/2042
 
TOP OF THE 1ST
FCL Mexico City Padres batting - Pitching for FCL Carolina Catamounts : RHP José Martínez
Pitching: RHP José Martínez
Batting: RHB Italo Letizi 0-0: Called Strike
0-1: Ball
1-1: Foul Ball, location: 9LMF
1-2: Foul Ball, location: 9LDF
1-2: Foul Ball, location: 5FF
1-2: Strikes out looking
Batting: SHB Tim McCoy 0-0: Ball
1-0: Ball
2-0: Called Strike
2-1: Foul Ball, location: 2F
2-2: Strikes out looking
Batting: RHB Joe Coleman 0-0: Called Strike
0-1: Foul Ball, location: 3SF
0-2: Ball
1-2: Fly out, F7 (Flyball, 7S, EV 72.5 MPH)
Top of the 1st over - 0 runs, 0 hits, 0 errors, 0 left on base; FCL Mexico City 0 - FCL Carolina 0
BOTTOM OF THE 1ST
FCL Carolina Catamounts batting - Pitching for FCL Mexico City Padres : RHP Jake Thomas
Pitching: RHP Jake Thomas
Batting: RHB Rob Williams 0-0: Called Strike
0-1: Ball
1-1: Foul Ball, location: 2F
1-2: Ball
2-2: Strikes out swinging passed ball, reaches first!
Batting: LHB Shaun Joya 0-0: Ball
Rob Williams steals 2nd base
1-0: Ball
2-0: Ground out 4-3 (Groundball, 4, EV 102.5 MPH)
Rob Williams to third
Batting: LHB Steve Miller 0-0: Called Strike
0-1: Ball
1-1: Foul Ball, location: 2F
1-2: Strikes out swinging
Batting: LHB Dan Barr 0-0: Ball
1-0: Ground out 6-3 (Groundball, 6, EV 96.9 MPH)
Bottom of the 1st over - 0 runs, 0 hits, 0 errors, 1 left on base; FCL Mexico City 0 - FCL Carolina 0
TOP OF THE 2ND
FCL Mexico City Padres batting - Pitching for FCL Carolina Catamounts : RHP José Martínez
Batting: LHB Tyrone Evans 0-0: Ball
1-0: Called Strike
1-1: Foul Ball, location: 2F
1-2: Ball
2-2: Strikes out swinging
Batting: SHB Sam Warren 0-0: Ball
1-0: Ground out 3-1 (Groundball, 34, EV 99.4 MPH)
Batting: RHB Greg Witt 0-0: Ball
1-0: Ball
2-0: Ball
3-0: Base on Balls
Batting: RHB Vic Stone 0-0: Called Strike
0-1: Fielders Choice at 2nd, U4 (Groundball, 4M, EV 86.3 MPH)
Top of the 2nd over - 0 runs, 0 hits, 0 errors, 1 left on base; FCL Mexico City 0 - FCL Carolina 0
BOTTOM OF THE 2ND
FCL Carolina Catamounts batting - Pitching for FCL Mexico City Padres : RHP Jake Thomas
Batting: RHB Bobby MacCeallaich 0-0: Ball
1-0: SINGLE (Groundball, 6MD, EV 98.8 MPH)
Batting: RHB Johnny Forrest 0-0: Ball
1-0: Called Strike
1-1: Fly out, F9 (Flyball, 9D, EV 89.4 MPH)
Batting: RHB Joey Briggs 0-0: Called Strike
0-1: Swinging Strike
0-2: Strikes out swinging
Batting: LHB Alex Dean 0-0: Ball
1-0: Swinging Strike
1-1: Ball
Bobby MacCeallaich steals 2nd base
2-1: Ball
3-1: Base on Balls
Batting: LHB Chad Gilmore 0-0: Called Strike
0-1: Ball
1-1: Fly out, F6 (Line Drive, 6, EV 73.8 MPH)
Bottom of the 2nd over - 0 runs, 1 hit, 0 errors, 2 left on base; FCL Mexico City 0 - FCL Carolina 0
TOP OF THE 3RD
FCL Mexico City Padres batting - Pitching for FCL Carolina Catamounts : RHP José Martínez
Batting: RHB Tyrone Thomas 0-0: Ball
1-0: SINGLE (Groundball, 34D, EV 107.5 MPH)
Batting: RHB Luis Moreno 0-0: Ball
1-0: Sac Bunt to 2R - play at first, batter OUT! 2-3
Tyrone Thomas to second
Batting: RHB Italo Letizi 0-0: Ball
1-0: Ball
2-0: Ball
3-0: Called Strike
3-1: Base on Balls
Batting: SHB Tim McCoy 0-0: Called Strike
0-1: Ball
1-1: Fly out, F8 (Flyball, 8LM, EV 95.0 MPH)
Batting: RHB Joe Coleman 0-0: Foul Ball, location: 5F
0-1: SINGLE (Groundball, 6MS, EV 71.3 MPH) (infield hit)
Tyrone Thomas to third
Italo Letizi to second
Batting: LHB Tyrone Evans 0-0: Ball
1-0: Ball
2-0: Ball
3-0: Base on Balls
Tyrone Thomas scores
Italo Letizi to third
Joe Coleman to second
Batting: SHB Sam Warren 0-0: Called Strike
0-1: Ball
1-1: DOUBLE (Flyball, 8RD, EV 110.6 MPH)
Italo Letizi scores
Joe Coleman scores
Tyrone Evans to third
Batting: RHB Greg Witt 0-0: Ball
1-0: Called Strike
1-1: Foul Ball, location: 3SF
1-2: Foul Ball, location: 3DF
1-2: SINGLE (Groundball, 6MD, EV 93.8 MPH)
Tyrone Evans scores
Sam Warren to third
Runner from 3rd tries for Home, SAFE, throw by CF to home
Batting: RHB Vic Stone 0-0: Ball
1-0: Ball
2-0: Ground out 1-3 (Groundball, 15S, EV 65.0 MPH)
Top of the 3rd over - 5 runs, 4 hits, 0 errors, 1 left on base; FCL Mexico City 5 - FCL Carolina 0
BOTTOM OF THE 3RD
FCL Carolina Catamounts batting - Pitching for FCL Mexico City Padres : RHP Jake Thomas
Batting: RHB Rob Williams 0-0: Called Strike
0-1: SINGLE (Groundball, 34D, EV 102.5 MPH)
Batting: LHB Shaun Joya 0-0: Called Strike
Rob Williams steals 2nd base
0-1: Swinging Strike
0-2: Strikes out swinging
Batting: LHB Steve Miller 0-0: Swinging Strike
0-1: Ball
1-1: Ball
2-1: Fly out, F9 (Flyball, 9, EV 83.8 MPH)
Batting: LHB Dan Barr 0-0: Foul Ball, location: 2F
0-1: Ball
1-1: Foul Ball, location: 7LDF
1-2: Ball
2-2: Ball
3-2: Foul Ball, location: 7LSF
3-2: Foul Ball, location: 3F
3-2: Foul Ball, location: 23F
3-2: Foul Ball, location: 5F
3-2: Fly out, F9 (Line Drive, 9LM, EV 88.8 MPH)
Bottom of the 3rd over - 0 runs, 1 hit, 0 errors, 1 left on base; FCL Mexico City 5 - FCL Carolina 0
TOP OF THE 4TH
FCL Mexico City Padres batting - Pitching for FCL Carolina Catamounts : RHP José Martínez
Batting: RHB Tyrone Thomas 0-0: Fly out, F7 (Flyball, 7S, EV 95.0 MPH)
Batting: RHB Luis Moreno 0-0: Called Strike
0-1: Foul Ball, location: 3DF
0-2: Foul Ball, location: 9LSF
0-2: Foul Ball, location: 25FF
0-2: Ball
1-2: Strikes out swinging
Batting: RHB Italo Letizi 0-0: Ball
1-0: Foul Ball, location: 9LDF
1-1: Foul Ball, location: 9LSF
1-2: Ball
2-2: Foul Ball, location: 23F
2-2: Strikes out swinging
Top of the 4th over - 0 runs, 0 hits, 0 errors, 0 left on base; FCL Mexico City 5 - FCL Carolina 0
BOTTOM OF THE 4TH
FCL Carolina Catamounts batting - Pitching for FCL Mexico City Padres : RHP Jake Thomas
Batting: RHB Bobby MacCeallaich 0-0: Ball
1-0: Ball
2-0: Foul Ball, location: 3F
2-1: Fly out, F8 (Line Drive, 8RM, EV 87.5 MPH)
Batting: RHB Johnny Forrest 0-0: Called Strike
0-1: Swinging Strike
0-2: Foul Ball, location: 2F
0-2: Strikes out swinging
Batting: RHB Joey Briggs 0-0: Called Strike
0-1: Called Strike
0-2: Strikes out swinging
Bottom of the 4th over - 0 runs, 0 hits, 0 errors, 0 left on base; FCL Mexico City 5 - FCL Carolina 0
TOP OF THE 5TH
FCL Mexico City Padres batting - Pitching for FCL Carolina Catamounts : RHP José Martínez
Batting: SHB Tim McCoy 0-0: Ball
1-0: Fly out, F8 (Flyball, 8LD, EV 93.1 MPH)
Batting: RHB Joe Coleman 0-0: Called Strike
0-1: Swinging Strike
0-2: Ball
1-2: Foul Ball, location: 9LDF
1-2: Strikes out swinging
Batting: LHB Tyrone Evans 0-0: Foul Ball, location: 2F
0-1: Called Strike
0-2: SINGLE (Line Drive, 7S, EV 96.9 MPH)
Batting: SHB Sam Warren 0-0: Ball
1-0: Foul Ball, location: 7LMF
1-1: Swinging Strike
1-2: Ball
2-2: Strikes out swinging
Top of the 5th over - 0 runs, 1 hit, 0 errors, 1 left on base; FCL Mexico City 5 - FCL Carolina 0
BOTTOM OF THE 5TH
FCL Carolina Catamounts batting - Pitching for FCL Mexico City Padres : RHP Jake Thomas
Batting: LHB Alex Dean 0-0: Fly out, F7 (Flyball, 78M, EV 95.0 MPH)
Batting: LHB Chad Gilmore 0-0: Ball
1-0: Fly out, F9 (Flyball, 9S, EV 83.1 MPH)
Batting: RHB Rob Williams 0-0: Called Strike
0-1: Ball
1-1: Ball
2-1: Ground out 6-3 (Groundball, 56, EV 90.0 MPH)
Bottom of the 5th over - 0 runs, 0 hits, 0 errors, 0 left on base; FCL Mexico City 5 - FCL Carolina 0
TOP OF THE 6TH
FCL Mexico City Padres batting - Pitching for FCL Carolina Catamounts : RHP José Martínez
Batting: RHB Greg Witt 0-0: Called Strike
0-1: Foul Ball, location: 2F
0-2: Ground out 6-3 (Groundball, 6, EV 106.3 MPH)
Batting: RHB Vic Stone 0-0: Called Strike
0-1: Called Strike
0-2: Ball
1-2: SINGLE (Groundball, 34D, EV 108.1 MPH)
Batting: RHB Tyrone Thomas 0-0: Ground out 4-3 (Groundball, 4MS, EV 67.5 MPH)
Vic Stone to second
Batting: RHB Luis Moreno 0-0: Called Strike
0-1: Called Strike
0-2: Strikes out swinging
Top of the 6th over - 0 runs, 1 hit, 0 errors, 1 left on base; FCL Mexico City 5 - FCL Carolina 0
BOTTOM OF THE 6TH
FCL Carolina Catamounts batting - Pitching for FCL Mexico City Padres : RHP Jake Thomas
Batting: LHB Shaun Joya 0-0: Ball
1-0: SINGLE (Groundball, 4MD, EV 103.8 MPH)
Batting: LHB Steve Miller 0-0: Called Strike
0-1: Foul Ball, location: 23F
0-2: Strikes out swinging
Batting: LHB Dan Barr 0-0: Grounds into double play, 4-6-3 (Groundball, 4, EV 88.1 MPH)
Bottom of the 6th over - 0 runs, 1 hit, 0 errors, 0 left on base; FCL Mexico City 5 - FCL Carolina 0
TOP OF THE 7TH
FCL Mexico City Padres batting - Pitching for FCL Carolina Catamounts : RHP José Martínez
Batting: RHB Italo Letizi 0-0: Ball
1-0: Called Strike
1-1: Ball
2-1: Called Strike
2-2: Ball
3-2: Strikes out swinging
Batting: SHB Tim McCoy 0-0: Called Strike
0-1: SINGLE (Groundball, 5D, EV 97.5 MPH)
Batting: RHB Joe Coleman 0-0: Ball
1-0: Called Strike
1-1: Ball
2-1: Ball
3-1: Base on Balls
Tim McCoy to second
Batting: LHB Tyrone Evans 0-0: Called Strike
0-1: Ball
1-1: Called Strike
1-2: Fly out, F8 (Flyball, 89M, EV 91.3 MPH)
Batting: SHB Sam Warren 0-0: Called Strike
0-1: Swinging Strike
0-2: Strikes out swinging
Top of the 7th over - 0 runs, 1 hit, 0 errors, 2 left on base; FCL Mexico City 5 - FCL Carolina 0
BOTTOM OF THE 7TH
FCL Carolina Catamounts batting - Pitching for FCL Mexico City Padres : RHP Jake Thomas
Batting: RHB Bobby MacCeallaich 0-0: Swinging Strike
0-1: SINGLE (Groundball, 4D, EV 97.5 MPH)
Batting: RHB Johnny Forrest 0-0: Ball
1-0: Called Strike
1-1: Ball
2-1: Fly out, F5 (Popup, 5F, EV 65.0 MPH)
Batting: RHB Joey Briggs 0-0: Called Strike
0-1: Ball
1-1: SINGLE (Line Drive, 7S, EV 101.9 MPH)
Bobby MacCeallaich to second
Batting: LHB Alex Dean 0-0: Ball
1-0: Called Strike
1-1: Ball
2-1: SINGLE (Groundball, 25, EV 72.5 MPH) (infield hit)
Bobby MacCeallaich to third
Joey Briggs to second
Batting: LHB Chad Gilmore 0-0: Ball
1-0: Foul Ball, location: 2LF
1-1: SINGLE (Groundball, 4MS, EV 63.8 MPH) (infield hit)
Bobby MacCeallaich scores
Joey Briggs to third
Alex Dean to second
Batting: RHB Rob Williams 0-0: SINGLE (Groundball, 6MD, EV 100.0 MPH)
Joey Briggs scores
Alex Dean to third
Chad Gilmore to second
Runner from 3rd tries for Home, SAFE, throw by CF to home
Pinch Hitting: SHB Loren Chase 0-0: Ball
1-0: Called Strike
1-1: Ball
2-1: Ball
3-1: Foul Ball, location: 3FF
3-2: Base on Balls
Chad Gilmore to third
Rob Williams to second
Batting: LHB Steve Miller 0-0: Ball
1-0: Ball
2-0: Ball
3-0: Called Strike
3-1: Called Strike
3-2: Base on Balls
Chad Gilmore scores
Rob Williams to third
Loren Chase to second
Pitching: RHP Kevin Hanson
Batting: RHB Bob Burgess 0-0: Called Strike
0-1: SINGLE (Line Drive, 6MD, EV 95.6 MPH)
Rob Williams scores
Loren Chase to third
Steve Miller to second
Batting: RHB Bobby MacCeallaich 0-0: Called Strike
0-1: Called Strike
0-2: Grounds into fielders choice 6-2 (Groundball, 6, EV 78.8 MPH)
Steve Miller to third
Bob Burgess to second
Pinch Hitting: LHB Dan Rose 0-0: Fielders Choice at 2nd, U6 (Groundball, 6M, EV 90.6 MPH)
Bottom of the 7th over - 5 runs, 6 hits, 0 errors, 3 left on base; FCL Mexico City 5 - FCL Carolina 5
TOP OF THE 8TH
FCL Mexico City Padres batting - Pitching for FCL Carolina Catamounts : RHP José Martínez
Now at 2B: Mike Dawson
Now at 3B: Loren Chase
Batting: RHB Greg Witt 0-0: DOUBLE (Line Drive, 8RXD, EV 106.9 MPH)
Batting: RHB Vic Stone 0-0: Foul Ball, location: 9LSF
0-1: 2-RUN HOME RUN (Flyball, 9D, EV 94.4 MPH), Distance : 359 ft
Batting: RHB Tyrone Thomas 0-0: Ground out U3 (Groundball, 34S, EV 84.4 MPH)
Batting: RHB Luis Moreno 0-0: Ball
1-0: SINGLE (Groundball, 6MD, EV 97.5 MPH)
Batting: RHB Italo Letizi 0-0: Called Strike
0-1: Swinging Strike
0-2: Ball
1-2: Strikes out swinging
Batting: SHB Tim McCoy 0-0: Foul Ball, location: 3SF
0-1: Ball
1-1: Ball
2-1: Swinging Strike
2-2: Ball
3-2: Base on Balls
Luis Moreno to second
Batting: RHB Joe Coleman 0-0: Ball
1-0: Called Strike
1-1: Foul Ball, location: 9LMF
1-2: Ball
2-2: Foul Ball, location: 25F
2-2: Strikes out swinging
Top of the 8th over - 2 runs, 3 hits, 0 errors, 2 left on base; FCL Mexico City 7 - FCL Carolina 5
BOTTOM OF THE 8TH
FCL Carolina Catamounts batting - Pitching for FCL Mexico City Padres : RHP Kevin Hanson
Batting: RHB Joey Briggs 0-0: Ball
1-0: Ground out 6-3 (Groundball, 6, EV 106.3 MPH)
Batting: LHB Alex Dean 0-0: Ball
1-0: Ball
2-0: Ball
3-0: Called Strike
3-1: Called Strike
3-2: Fly out, F9 (Flyball, 9D, EV 87.5 MPH)
Batting: LHB Chad Gilmore 0-0: Fly out, F8 (Line Drive, 8RS, EV 86.3 MPH)
Bottom of the 8th over - 0 runs, 0 hits, 0 errors, 0 left on base; FCL Mexico City 7 - FCL Carolina 5
TOP OF THE 9TH
FCL Mexico City Padres batting - Pitching for FCL Carolina Catamounts : RHP José Martínez
Batting: LHB Tyrone Evans 0-0: Called Strike
0-1: Swinging Strike
0-2: Strikes out swinging
Batting: SHB Sam Warren 0-0: Called Strike
0-1: Swinging Strike
0-2: Ball
1-2: Ball
2-2: Strikes out swinging
Batting: RHB Greg Witt 0-0: Ball
1-0: Ground out 6-3 (Groundball, 6, EV 100.0 MPH)
Top of the 9th over - 0 runs, 0 hits, 0 errors, 0 left on base; FCL Mexico City 7 - FCL Carolina 5
BOTTOM OF THE 9TH
FCL Carolina Catamounts batting - Pitching for FCL Mexico City Padres : RHP Kevin Hanson
Pitching: RHP Jorge Hernández
Now at 2B: Chris Nichols
Batting: RHB Rob Williams 0-0: Ball
1-0: Fly out, F3 (Popup, 3F, EV 64.4 MPH)
Batting: SHB Loren Chase 0-0: DOUBLE (Groundball, 3L, EV 102.5 MPH)
Batting: LHB Steve Miller 0-0: Ball
1-0: Ball
2-0: Ball
3-0: Base on Balls
Batting: RHB Ollie Lewis 0-0: Swinging Strike
0-1: Ball
1-1: Called Strike
1-2: Strikes out swinging
Batting: RHB Bobby MacCeallaich 0-0: Ball
1-0: Swinging Strike
1-1: Foul Ball, location: 2LF
1-2: Ball
2-2: Strikes out swinging
Bottom of the 9th over - 0 runs, 1 hit, 0 errors, 2 left on base; FCL Mexico City 7 - FCL Carolina 5
Friday, May 3rd , 2024 - OOTP Baseball 24.10 Build 82